TOP OF THE 1ST |
Mexico City Cerveceros batting - Pitching for Spokane Trappers : RHP José Ortíz
|
Pitching: RHP José Ortíz
|
|
Batting: RHB Claudio Souza
|
0-0: Called Strike 0-1: Foul Ball, location: 2F 0-2: Ground out 5-3 (Groundball, 56)
|
Batting: RHB Robinson Pacheco
|
0-0: Called Strike 0-1: Ground out 5-3 (Groundball, 5)
|
Batting: RHB Tae-kwon Kwon
|
0-0: Called Strike 0-1: Ball 1-1: Called Strike 1-2: Ball 2-2: Ball 3-2: Strikes out swinging
|
Top of the 1st over - 0 run(s), 0 hit(s), 0 error(s), 0 left on base; Mexico City 0 - Spokane 0 |
BOTTOM OF THE 1ST |
Spokane Trappers batting - Pitching for Mexico City Cerveceros : RHP Darryl Carter
|
Pitching: RHP Darryl Carter
|
|
Batting: RHB Ramiro Ross
|
0-0: Called Strike 0-1: Ball 1-1: Ball 2-1: SOLO HOME RUN (Flyball, 8LD), Distance : 424 ft
|
Batting: RHB Robert Marks
|
0-0: Ground out 5-3 (Groundball, 5)
|
Batting: RHB Pedro Guzmán
|
0-0: Called Strike 0-1: Ball 1-1: Foul Ball, location: 2F 1-2: Ground out 5-3 (Groundball, 25)
|
Batting: RHB José Gómez
|
0-0: Ball 1-0: Ball 2-0: Ball 3-0: Base on Balls
|
Pitching: RHP Gil Dickson
|
|
Batting: LHB Will Hill
|
0-0: Ball 1-0: Called Strike 1-1: Ball 2-1: Ball 3-1: Foul Ball, location: 2F 3-2: Strikes out swinging
|
Bottom of the 1st over - 1 run(s), 1 hit(s), 0 error(s), 1 left on base; Mexico City 0 - Spokane 1 |
TOP OF THE 2ND |
Mexico City Cerveceros batting - Pitching for Spokane Trappers : RHP José Ortíz
|
Batting: RHB Juan Jose Guevana
|
0-0: Called Strike 0-1: Foul Ball, location: 2F 0-2: Strikes out swinging
|
Batting: RHB Hamilton Holbrook
|
0-0: Called Strike 0-1: Ball 1-1: Swinging Strike 1-2: Ball 2-2: Foul Ball, location: 2F 2-2: Strikes out swinging
|
Batting: LHB Gary Kern
|
0-0: SINGLE (Groundball, 34D)
|
Batting: RHB Dave Morgan
|
0-0: Called Strike 0-1: Called Strike 0-2: Foul Ball, location: 2F 0-2: Strikes out swinging
|
Top of the 2nd over - 0 run(s), 1 hit(s), 0 error(s), 1 left on base; Mexico City 0 - Spokane 1 |
BOTTOM OF THE 2ND |
Spokane Trappers batting - Pitching for Mexico City Cerveceros : RHP Gil Dickson
|
Batting: RHB Enrico Rodríguez
|
0-0: SINGLE (Groundball, 56D)
|
Batting: SHB Glenn Vadnais
|
0-0: Called Strike Enrico Rodríguez steals 2nd base 0-1: Ball 1-1: Ball 2-1: Called Strike 2-2: Ball 3-2: Foul Ball, location: 2F 3-2: Foul Ball, location: 2F 3-2: Foul Ball, location: 2F 3-2: 2-RUN HOME RUN (Flyball, 9D), Distance : 383 ft
|
Batting: LHB Alan Moore
|
0-0: DOUBLE (Line Drive, 8LXD)
|
Batting: RHB Alejandro Ramos
|
0-0: Ball 1-0: Foul Ball, location: 2F 1-1: Ball 2-1: Swinging Strike 2-2: Foul Ball, location: 2F 2-2: Strikes out swinging
|
Batting: RHB Ramiro Ross
|
0-0: Called Strike 0-1: Ball 1-1: Foul Ball, location: 2F 1-2: Ball 2-2: Strikes out swinging
|
Batting: RHB Robert Marks
|
0-0: Called Strike 0-1: Ball 1-1: Called Strike 1-2: Ball 2-2: Ball 3-2: Base on Balls
|
Batting: RHB Pedro Guzmán
|
0-0: Ball 1-0: Swinging Strike 1-1: Ground out 6-3 (Groundball, 6S)
|
Bottom of the 2nd over - 2 run(s), 3 hit(s), 0 error(s), 2 left on base; Mexico City 0 - Spokane 3 |
TOP OF THE 3RD |
Mexico City Cerveceros batting - Pitching for Spokane Trappers : RHP José Ortíz
|
Batting: LHB John Nicholson
|
0-0: Ball 1-0: Ball 2-0: Swinging Strike 2-1: SINGLE (Line Drive, 6D)
|
Batting: RHB Orlando Núńes
|
0-0: Foul Ball, location: 2F 0-1: Ball 1-1: Foul Ball, location: 2F 1-2: Foul Ball, location: 2F 1-2: Ball 2-2: Fly out, F3 (Line Drive, 3F)
|
Batting: RHB Claudio Souza
|
0-0: Foul Ball, location: 2F 0-1: Foul Ball, location: 2F 0-2: Ball 1-2: Grounds into double play, 6-4-3 (Groundball, 6)
|
Top of the 3rd over - 0 run(s), 1 hit(s), 0 error(s), 0 left on base; Mexico City 0 - Spokane 3 |
BOTTOM OF THE 3RD |
Spokane Trappers batting - Pitching for Mexico City Cerveceros : RHP Gil Dickson
|
Batting: RHB José Gómez
|
0-0: Called Strike 0-1: Ball 1-1: Foul Ball, location: 2F 1-2: Ball 2-2: Fly out, F8 (Line Drive, 8LM)
|
Batting: LHB Will Hill
|
0-0: Ball 1-0: Ball 2-0: Ball 3-0: Called Strike 3-1: Base on Balls
|
Batting: RHB Enrico Rodríguez
|
0-0: Ball 1-0: Ball 2-0: Fly out, F6 (Popup, 6D)
|
Pitching: RHP Raúl Gómez
|
|
Batting: SHB Glenn Vadnais
|
0-0: Foul Ball, location: 2F 0-1: 2-RUN HOME RUN (Flyball, 9D), Distance : 363 ft
|
Batting: LHB Alan Moore
|
0-0: Ball 1-0: Called Strike 1-1: Foul Ball, location: 2F 1-2: Foul Ball, location: 2F 1-2: Strikes out swinging
|
Bottom of the 3rd over - 2 run(s), 1 hit(s), 0 error(s), 0 left on base; Mexico City 0 - Spokane 5 |
TOP OF THE 4TH |
Mexico City Cerveceros batting - Pitching for Spokane Trappers : RHP José Ortíz
|
Batting: RHB Robinson Pacheco
|
0-0: Called Strike 0-1: Foul Ball, location: 2F 0-2: SINGLE (Groundball, 6MD)
|
Batting: RHB Tae-kwon Kwon
|
0-0: Ball 1-0: Ball 2-0: Ball 3-0: Base on Balls Robinson Pacheco to second
|
Batting: RHB Juan Jose Guevana
|
0-0: Ball 1-0: Foul Ball, location: 2F 1-1: Ball 2-1: Ball 3-1: Base on Balls Robinson Pacheco to third Tae-kwon Kwon to second
|
Batting: RHB Hamilton Holbrook
|
0-0: Ball 1-0: Ball 2-0: Ball 3-0: Called Strike 3-1: Base on Balls Robinson Pacheco scores Tae-kwon Kwon to third Juan Jose Guevana to second
|
Batting: LHB Gary Kern
|
0-0: Foul Ball, location: 2F 0-1: Swinging Strike 0-2: Hit by Pitch Tae-kwon Kwon scores Juan Jose Guevana to third Hamilton Holbrook to second
|
Batting: RHB Dave Morgan
|
0-0: Foul Ball, location: 2F 0-1: Ball 1-1: Foul Ball, location: 2F 1-2: Foul Ball, location: 2F 1-2: Foul Ball, location: 2F 1-2: Fly out, F7 (Flyball, 78M)
|
Batting: LHB John Nicholson
|
0-0: Foul Ball, location: 2F 0-1: Foul Ball, location: 2F 0-2: GRAND SLAM HOME RUN (Flyball, 8LXD), Distance : 427 ft
|
Pitching: RHP José Navarro
|
|
Batting: RHB Orlando Núńes
|
0-0: Called Strike 0-1: Ball 1-1: Swinging Strike 1-2: Ball 2-2: Foul Ball, location: 2F 2-2: Strikes out looking
|
Batting: RHB Claudio Souza
|
0-0: DOUBLE (Line Drive, 78D)
|
Batting: RHB Robinson Pacheco
|
0-0: Called Strike 0-1: Ball 1-1: Ball 2-1: DOUBLE (Line Drive, 9LM) Claudio Souza scores
|
Batting: RHB Tae-kwon Kwon
|
0-0: Foul Ball, location: 2F 0-1: Ball 1-1: Ball 2-1: Fly out, F9 (Flyball, 9)
|
Top of the 4th over - 7 run(s), 4 hit(s), 0 error(s), 1 left on base; Mexico City 7 - Spokane 5 |
BOTTOM OF THE 4TH |
Spokane Trappers batting - Pitching for Mexico City Cerveceros : RHP Raúl Gómez
|
Batting: RHB Alejandro Ramos
|
0-0: DOUBLE (Line Drive, 78D)
|
Batting: RHB Ramiro Ross
|
0-0: Fly out, F9 (Flyball, 9S)
|
Batting: RHB Robert Marks
|
0-0: Ball 1-0: Swinging Strike 1-1: Ball 2-1: Ball 3-1: Called Strike 3-2: Fly out, F9 (Flyball, 9LS)
|
Batting: RHB Pedro Guzmán
|
0-0: Called Strike 0-1: Ball 1-1: DOUBLE (Groundball, 5L) Alejandro Ramos scores
|
Batting: RHB José Gómez
|
0-0: Ball 1-0: Called Strike 1-1: Called Strike 1-2: Ball 2-2: Ball 3-2: Foul Ball, location: 2F 3-2: Strikes out looking
|
Bottom of the 4th over - 1 run(s), 2 hit(s), 0 error(s), 1 left on base; Mexico City 7 - Spokane 6 |
TOP OF THE 5TH |
Mexico City Cerveceros batting - Pitching for Spokane Trappers : RHP José Navarro
|
Batting: RHB Juan Jose Guevana
|
0-0: DOUBLE (Groundball, 5L)
|
Batting: RHB Hamilton Holbrook
|
0-0: Foul Ball, location: 2F 0-1: Ball 1-1: Foul Ball, location: 2F 1-2: Foul Ball, location: 2F 1-2: Ball 2-2: Strikes out looking
|
Batting: LHB Gary Kern
|
0-0: Swinging Strike 0-1: Foul Ball, location: 2F 0-2: Ball 1-2: Ball 2-2: Fly out, F6 (Popup, 6MS)
|
Batting: RHB Dave Morgan
|
0-0: Ball 1-0: Called Strike 1-1: SINGLE (Groundball, 4MD) Juan Jose Guevana to third Throwing error, E8 Juan Jose Guevana scores Dave Morgan to second
|
Batting: LHB John Nicholson
|
0-0: Ball 1-0: Swinging Strike 1-1: Swinging Strike 1-2: Foul Ball, location: 2F 1-2: Ball 2-2: Ball 3-2: Strikes out looking
|
Top of the 5th over - 1 run(s), 2 hit(s), 1 error(s), 1 left on base; Mexico City 8 - Spokane 6 |
BOTTOM OF THE 5TH |
Spokane Trappers batting - Pitching for Mexico City Cerveceros : RHP Raúl Gómez
|
Batting: LHB Will Hill
|
0-0: Ball 1-0: Swinging Strike 1-1: Ball 2-1: Foul Ball, location: 2F 2-2: Strikes out swinging
|
Batting: RHB Enrico Rodríguez
|
0-0: Called Strike 0-1: Ball 1-1: Ball 2-1: SINGLE (Flyball, 8RS)
|
Batting: SHB Glenn Vadnais
|
0-0: Ball 1-0: Foul Ball, location: 2F 1-1: Swinging Strike 1-2: Ball 2-2: Ball 3-2: Base on Balls Enrico Rodríguez to second
|
Batting: LHB Alan Moore
|
0-0: Grounds into double play, 4-6-3 (Groundball, 4)
|
Bottom of the 5th over - 0 run(s), 1 hit(s), 0 error(s), 1 left on base; Mexico City 8 - Spokane 6 |
TOP OF THE 6TH |
Mexico City Cerveceros batting - Pitching for Spokane Trappers : RHP José Navarro
|
Batting: RHB Orlando Núńes
|
0-0: Called Strike 0-1: Ball 1-1: Fly out, F8 (Line Drive, 8RD)
|
Batting: RHB Claudio Souza
|
0-0: Called Strike 0-1: Ground out 5-3 (Groundball, 56S)
|
Batting: RHB Robinson Pacheco
|
0-0: Ball 1-0: Foul Ball, location: 2F 1-1: Ball 2-1: Foul Ball, location: 2F 2-2: Fly out, F7 (Flyball, 7D)
|
Top of the 6th over - 0 run(s), 0 hit(s), 0 error(s), 0 left on base; Mexico City 8 - Spokane 6 |
BOTTOM OF THE 6TH |
Spokane Trappers batting - Pitching for Mexico City Cerveceros : RHP Raúl Gómez
|
Pitching: LHP Doug Starks
|
|
Batting: RHB Alejandro Ramos
|
0-0: SINGLE (Groundball, 56D)
|
Batting: RHB Ramiro Ross
|
0-0: Ball 1-0: 2-RUN HOME RUN (Flyball, 7D), Distance : 371 ft
|
Pitching: LHP Rubén Rico
|
|
Batting: RHB Robert Marks
|
0-0: Ball 1-0: Fly out, F9 (Flyball, 9LM)
|
Batting: RHB Pedro Guzmán
|
0-0: Ground out 6-3 (Groundball, 6)
|
Batting: RHB José Gómez
|
0-0: Foul Ball, location: 2F 0-1: Ball 1-1: Ball 2-1: Ground out 4-3 (Groundball, 4)
|
Bottom of the 6th over - 2 run(s), 2 hit(s), 0 error(s), 0 left on base; Mexico City 8 - Spokane 8 |
TOP OF THE 7TH |
Mexico City Cerveceros batting - Pitching for Spokane Trappers : RHP José Navarro
|
Batting: RHB Tae-kwon Kwon
|
0-0: SOLO HOME RUN (Line Drive, 78XD), Distance : 405 ft
|
Pitching: RHP Ching-wei Zi
|
|
Batting: RHB Juan Jose Guevana
|
0-0: Ground out 5-3 (Groundball, 5S)
|
Batting: RHB Hamilton Holbrook
|
0-0: SINGLE (Groundball, 4MD)
|
Batting: LHB Gary Kern
|
0-0: Called Strike 0-1: Called Strike 0-2: Ball 1-2: Foul Ball, location: 2F 1-2: Fly out, F8 (Line Drive, 8LM)
|
Batting: RHB Dave Morgan
|
0-0: Ball 1-0: Called Strike 1-1: Ball 2-1: Ball 3-1: Called Strike 3-2: Foul Ball, location: 2F 3-2: Foul Ball, location: 2F 3-2: Foul Ball, location: 2F 3-2: Foul Ball, location: 2F 3-2: Foul Ball, location: 2F 3-2: Strikes out swinging
|
Top of the 7th over - 1 run(s), 2 hit(s), 0 error(s), 1 left on base; Mexico City 9 - Spokane 8 |
BOTTOM OF THE 7TH |
Spokane Trappers batting - Pitching for Mexico City Cerveceros : LHP Rubén Rico
|
Batting: LHB Will Hill
|
0-0: Called Strike 0-1: SINGLE (Groundball, 34D)
|
Batting: RHB Enrico Rodríguez
|
0-0: Ball 1-0: Sac Bunt - play at first, batter OUT! 1-3 Will Hill to second
|
Batting: SHB Glenn Vadnais
|
0-0: Swinging Strike 0-1: Hit by Pitch
|
Pinch Hitting: RHB Toru Nakanishi
|
0-0: Reached on error, E1 (Groundball, P) Will Hill to third Glenn Vadnais to second
|
Batting: RHB Alejandro Ramos
|
0-0: Called Strike 0-1: Ball 1-1: Called Strike 1-2: Hit by Pitch Will Hill scores Glenn Vadnais to third Toru Nakanishi to second
|
Batting: RHB Ramiro Ross
|
0-0: Ball 1-0: Swinging Strike 1-1: Ball 2-1: Swinging Strike 2-2: Ball 3-2: Base on Balls Glenn Vadnais scores Toru Nakanishi to third Alejandro Ramos to second
|
Pitching: RHP Dae-hee Ch'oe
|
|
Batting: RHB Robert Marks
|
0-0: DOUBLE (Line Drive, 8LM) Toru Nakanishi scores Alejandro Ramos scores Ramiro Ross to third
|
Batting: RHB Pedro Guzmán
|
0-0: Swinging Strike 0-1: Ball 1-1: Foul Ball, location: 2F 1-2: Ground out 4-3 (Groundball, 4M)
|
Batting: RHB José Gómez
|
0-0: Ball 1-0: Ball 2-0: Ball 3-0: Called Strike 3-1: Base on Balls
|
Pinch Hitting: LHB José Berroa
|
0-0: Called Strike 0-1: Ball 1-1: Ball 2-1: Ball 3-1: Fielders Choice at 2nd, 6-4 (Groundball, 6)
|
Bottom of the 7th over - 4 run(s), 2 hit(s), 1 error(s), 2 left on base; Mexico City 9 - Spokane 12 |
TOP OF THE 8TH |
Mexico City Cerveceros batting - Pitching for Spokane Trappers : RHP Ching-wei Zi
|
Now at 1B: Toru Nakanishi
|
|
Now in LF: José Berroa
|
|
Batting: LHB John Nicholson
|
0-0: Called Strike 0-1: Ground out 4-3 (Groundball, 4)
|
Batting: RHB Orlando Núńes
|
0-0: Ball 1-0: SINGLE (Groundball, 56D)
|
Batting: RHB Claudio Souza
|
0-0: Fly out, F7 (Flyball, 7D)
|
Batting: RHB Robinson Pacheco
|
0-0: Ball 1-0: Called Strike 1-1: Foul Ball, location: 2F 1-2: Ball 2-2: Fielders Choice at 2nd, 6-4 (Groundball, 6)
|
Top of the 8th over - 0 run(s), 1 hit(s), 0 error(s), 0 left on base; Mexico City 9 - Spokane 12 |
BOTTOM OF THE 8TH |
Spokane Trappers batting - Pitching for Mexico City Cerveceros : RHP Dae-hee Ch'oe
|
Batting: RHB Enrico Rodríguez
|
0-0: Called Strike 0-1: Ground out 4-3 (Groundball, 4D)
|
Batting: SHB Glenn Vadnais
|
0-0: Called Strike 0-1: Ball 1-1: Fly out, F8 (Flyball, 8LM)
|
Batting: RHB Toru Nakanishi
|
0-0: SINGLE (Line Drive, 56D)
|
Batting: RHB Alejandro Ramos
|
0-0: SINGLE (Line Drive, 9S) Toru Nakanishi to second
|
Batting: RHB Ramiro Ross
|
0-0: Called Strike 0-1: Ball 1-1: Ball 2-1: Ball 3-1: Base on Balls Toru Nakanishi to third Alejandro Ramos to second
|
Pitching: RHP Jesús Mendoza
|
|
Batting: RHB Robert Marks
|
0-0: Ball 1-0: Foul Ball, location: 2F 1-1: Ball Wild Pitch! Toru Nakanishi scores Alejandro Ramos to third Ramiro Ross to second 2-1: Ball 3-1: Swinging Strike 3-2: Base on Balls
|
Batting: RHB Pedro Guzmán
|
0-0: Foul Ball, location: 2F 0-1: Ball 1-1: Swinging Strike 1-2: Ball 2-2: Ball 3-2: Base on Balls Alejandro Ramos scores Ramiro Ross to third Robert Marks to second
|
Batting: RHB José Gómez
|
0-0: SINGLE (Groundball, 4D) Ramiro Ross scores Robert Marks to third Pedro Guzmán to second Runner from 3rd tries for Home, SAFE, throw made at trailing runner, SAFE at third!
|
Batting: LHB José Berroa
|
0-0: Ball 1-0: Called Strike 1-1: DOUBLE (Flyball, 78XD) Pedro Guzmán scores José Gómez to third Runner from 3rd tries for Home, SAFE, throw made home
|
Pitching: RHP Tex Perkins
|
|
Batting: RHB Enrico Rodríguez
|
0-0: Called Strike 0-1: Ball 1-1: Called Strike 1-2: Foul Ball, location: 2F 1-2: Foul Ball, location: 2F 1-2: Ball 2-2: Strikes out swinging
|
Bottom of the 8th over - 6 run(s), 4 hit(s), 0 error(s), 1 left on base; Mexico City 9 - Spokane 18 |
TOP OF THE 9TH |
Mexico City Cerveceros batting - Pitching for Spokane Trappers : RHP Ching-wei Zi
|
Now at 2B: Jaime Padilla
|
|
Now at SS: Dani Rodríguez
|
|
Batting: RHB Tae-kwon Kwon
|
0-0: Called Strike 0-1: Called Strike 0-2: Ball 1-2: SINGLE (Groundball, 34D)
|
Batting: RHB Juan Jose Guevana
|
0-0: Ball 1-0: Called Strike 1-1: Ball 2-1: Ball 3-1: Base on Balls Tae-kwon Kwon to second
|
Batting: RHB Hamilton Holbrook
|
0-0: Ball 1-0: Called Strike 1-1: Called Strike 1-2: Strikes out swinging
|
Batting: LHB Gary Kern
|
0-0: Foul Ball, location: 2F 0-1: Ball Wild Pitch! Tae-kwon Kwon to third Juan Jose Guevana to second 1-1: Fly out, F3 (Popup, 3S)
|
Batting: RHB Dave Morgan
|
0-0: Ball 1-0: Ball 2-0: Fly out, F7 (Flyball, 7LM)
|
Top of the 9th over - 0 run(s), 1 hit(s), 0 error(s), 2 left on base; Mexico City 9 - Spokane 18 |
|